 Dungeon Crawl Stone Soup version 0.28.0 (webtiles) character file.

Game seed: 11727759838744030562

124 SnakkuSnakku7 the Insei (level 4, -5/30 HPs)
             Began as a Vampire Fire Elementalist on Feb 14, 2022.
             Succumbed to a water moccasin's poison
             ... on level 3 of the Dungeon.
             The game lasted 00:03:06 (1684 turns).

SnakkuSnakku7 the Insei (Vampire Fire Elementalist) Turns: 1684, Time: 00:03:07

Health: -5/30      AC:  4    Str:  9    XL:     4   Next: 81%
Magic:  7/7        EV: 12    Int: 17    God:
Gold:   78         SH:  0    Dex: 14    Spells: 6/7 levels left

rFire   . . .      SeeInvis +     - Unarmed
rCold   . . .      Faith    .   h - orb {*Rage}
rNeg    . . .      Spirit   .   a - +0 robe
rPois   .          Reflect  .   l - +0 helmet
rElec   .          Harm     .   g - +0 cloak
rCorr   .          Rampage  .   (no gloves)
Will    .....      Rage     20% (no boots)
Stlth   ++........              (no amulet)
HPRegen 0.30/turn               (no ring)
MPRegen 0.10/turn               (no ring)

@: lethally poisoned (-5 -> -23), on berserk cooldown, flying, healing quickly,
slowed, very slow
A: alive, fangs 3, see invisible, vampiric 2
a: Exsanguinate


You were on level 3 of the Dungeon.
You visited 1 branch of the dungeon, and saw 3 of its levels.

You collected 105 gold pieces.
You spent 27 gold pieces at shops.

Inventory:

Armour
 a - a +0 robe (worn)
 g - a +0 cloak (worn)
 h - an orb of wrath (worn)
 l - a +0 helmet (worn)
Scrolls
 b - 3 scrolls of torment {unknown}
 c - 2 scrolls of teleportation {unknown}
 d - a scroll of identify {unknown}
 e - a scroll of fog {unknown}
 f - a scroll of fear {unknown}
 i - a scroll of immolation {unknown}
Potions
 k - a potion of degeneration {unknown}


   Skills:
 - Level 2.1 Dodging
 - Level 3.0 Stealth
 + Level 5.0 Unarmed Combat
 - Level 2.0 Spellcasting
 - Level 0.6 Conjurations
 - Level 2.4 Fire Magic


You had 6 spell levels left.
You knew the following spells:

 Your Spells              Type           Power      Damage    Failure   Level
a - Foxfire               Conj/Fire      24%        2x1d5     11%         1

Your spell library contained the following spells:

 Spells                   Type           Power      Damage    Failure   Level
 Scorch                   Fire           18%        2d5       11%         2
 Summon Small Mammal      Summ           4%         N/A       19%         1
 Conjure Flame            Conj/Fire      6%         6-21      30%         3
 Inner Flame              Hex/Fire       5%         N/A       34%         3
 Call Canine Familiar     Summ           1%         N/A       50%         3
 Summon Guardian Golem    Hex/Summ       1%         N/A       50%         3
 Flame Wave               Conj/Fire      6%         2d5       71%         4


Dungeon Overview and Level Annotations

Branches:
Dungeon (3/15)

Altars:

Shops:
D:3 *


Innate Abilities, Weirdness & Mutations

Your natural rate of healing is accelerated.
You have razor-sharp teeth.
You have supernaturally acute eyesight. (SInv)
You are afflicted with vampirism and can become a bat while bloodless.


Message History

A red film seems to cover your vision as you go berserk!
You feel yourself moving faster!
You feel mighty!
You barely miss the hobgoblin. You bite the hobgoblin.
You kill the hobgoblin!
Calm down first, please.
Calm down first, please.
You feel a strong urge to attack something.
You start resting.
HP restored.
You feel your anger nearly subside.
You are no longer berserk.
You are exhausted.
You feel yourself slow down.
A rat comes into view.
A rat is nearby!
A rat is nearby!
An endoplasm comes into view.
A water moccasin comes into view.
A kobold comes into view. It is wielding a +0 short sword.
Found a book of Necromancy.
The endoplasm quivers.
The kobold shouts!
The water moccasin hisses angrily.
You hear an angry hiss.
The rat bites you but does no damage. The water moccasin bites you.
You are poisoned.
The water moccasin poisons you!
You feel very sick. The water moccasin bites you.
You feel very sick. The rat closely misses you.
The water moccasin barely misses you. The endoplasm misses you.
You feel very sick. The water moccasin barely misses you.
You closely miss the water moccasin.
You feel sick. The water moccasin bites you!
* * * LOW HITPOINT WARNING * * *
You are lethally poisoned!
The water moccasin poisons you! The water moccasin bites you.
* * * LOW HITPOINT WARNING * * *
It was a potion of flight.
You feel very buoyant.
You fly up into the air.
You die...

...............
#............
#.###...........:
................ ###
###............ #.#
#............ #.# ###
#JK..........
#.###.###Sr..........
#.#.....@############
####### #.#.#.....########
......# #.#.#.....#......#
......# #................#
......# #.#.#####.#......#
###...# #.#.......#......#
.###..###.#########......#
####..##...# #........#
##.#...#...# #.#......#


You could see a water moccasin, an endoplasm, a kobold and a rat.

Vanquished Creatures
  Terence (D:2)
  3 adders
  A dart slug (D:1)
  3 orcs (D:3)
  5 ball pythons
  8 endoplasms
  2 giant cockroaches (D:1)
  5 goblins
  10 hobgoblins
  3 jackals
  3 quokkas
  2 bats
  3 frilled lizards
  4 kobolds
  9 rats
62 creatures vanquished.

Vanquished Creatures (others)
  5 foxfires
5 creatures vanquished.

Grand Total: 67 creatures vanquished

Notes
Turn   | Place    | Note
-------+----------+-------------------------------------------
     0 | D:1      | SnakkuSnakku7 the Vampire Fire Elementalist began the quest
                  | for the Orb.
     0 | D:1      | Reached XP level 1. HP: 13/13 MP: 3/3
    44 | D:1      | Reached skill level 1 in Unarmed Combat
   140 | D:1      | Reached XP level 2. HP: 9/19 MP: 5/5
   146 | D:1      | Reached skill level 2 in Unarmed Combat
   635 | D:1      | Reached skill level 3 in Unarmed Combat
   639 | D:1      | Gained mutation: You are afflicted with vampirism and can
                  | become a bat while bloodless. [Vampire growth]
   639 | D:1      | Reached XP level 3. HP: 19/24 MP: 6/6
  1044 | D:2      | Noticed Terence
  1052 | D:2      | Killed Terence
  1053 | D:2      | Reached skill level 4 in Unarmed Combat
  1053 | D:2      | Reached XP level 4. HP: 30/30 MP: 7/7
  1255 | D:3      | Found Jizoxzycw's Assorted Antiques.
  1285 | D:3      | Bought a dark potion for 27 gold pieces
  1470 | D:3      | Reached skill level 5 in Unarmed Combat
  1675 | D:3      | Noticed a water moccasin
  1683 | D:3      | HP: 1/30 [water moccasin (4)]
  1684 | D:3      | Succumbed to a water moccasin's poison

Illustrated notes

Levels and vault maps discovered:
D:1:      lightli_arrival_boilingwater, layout_rooms
D:2:      layout_rooms, uniq_terence, uniq_crazy_yiuf_cottage
D:3:      layout_basic, beargit_hepliaklqana_dungeon_heroes,
          nicolae_tso_carved_into_rock, serial_shops,
          nicolae_shop_competitors_out_of_business, moated_statue,
          minmay_quadrilaterals

Skill      XL: |  1  2  3  4 |
---------------+-------------+-----
Unarmed Combat | 1 3 4 5 |  5.0
Dodging        | |  2.1
Stealth        | |  3.0
Spellcasting   | |  2.0
Conjurations   | |  0.6
Fire Magic     | |  2.4

Action                   |  1- 3 |  4- 6 || total
-------------------------+-------+-------++-------
Melee: Unarmed           |   154 |    52 ||   206
       Bite              |    18 |     4 ||    22
       Punch             |     3 |       ||     3
 Cast: Foxfire           |     3 |       ||     3
  Use: Potion            |       |     1 ||     1
 Stab: Sleeping          |     8 |     3 ||    11
       Distracted        |     1 |       ||     1
Armor: Robe              |    30 |     9 ||    39
Dodge: Dodged            |   104 |    26 ||   130
